 Dungeon Crawl Stone Soup version 0.27-a0-1144-g0b7d3b79db (webtiles) character file.

Game seed: 10611990000151741444

2741 senseless the Cleaver (level 9, -13/112 HPs)
             Began as a Gnoll Berserker on May 10, 2021.
             Was a Priest of Trog.
             Splashed by an oklob plant's acid (15 damage)
             ... on level 6 of the Dungeon.
             The game lasted 00:21:41 (5291 turns).

senseless the Cleaver (Gnoll Berserker)             Turns: 5291, Time: 00:21:44

Health: -13/112    AC: -4    Str: 16    XL:     9   Next: 68%
Magic:  17/17      EV: 13    Int: 10    God:    Trog [***...]
Gold:   235        SH:  0    Dex: 12    Spells: 19/19 levels left

rFire    . . .     SeeInvis .   c - +2 mace (drain)
rCold    . . .     Faith    .   (no shield)
rNeg     . . .     Spirit   .   e - +0 ring mail
rPois    .         Reflect  .   (no helmet)
rElec    .         Harm     .   h - +0 cloak
rCorr    .         Rampage  .   (no gloves)
Will     .....                  (no boots)
Stlth    ..........             (no amulet)
HPRegen  0.28/turn              (no ring)
MPRegen  0.15/turn              (no ring)

@: berserking, corroded, very quick
A: fangs 1, strong nose, distributed training
a: Renounce Religion, Berserk, Trog's Hand


You were on level 6 of the Dungeon.
You worshipped Trog.
Trog was most pleased with you.
You visited 1 branch of the dungeon, and saw 6 of its levels.

You collected 235 gold pieces.

Inventory:

Hand Weapons
 a - a +0 hand axe
 c - a +2 mace of draining (weapon)
 t - a +0 short sword of holy wrath
Missiles
 k - 24 poisoned darts
 m - 5 boomerangs of dispersal
Armour
 e - a +0 ring mail (worn)
 f - a +0 chain mail
 h - a +0 cloak (worn)
 i - a +0 scale mail
 o - a scarf of invisibility
 q - a +1 robe of cold resistance
Wands
 p - a wand of flame (50)
Scrolls
 d - 2 scrolls of fear
 s - a scroll of teleportation
 v - a scroll of identify
Potions
 b - a potion of curing
 g - 3 potions of flight
 j - a potion of heal wounds {unknown}
 l - a potion of lignification
 n - a potion of invisibility
 r - a potion of brilliance
 u - a potion of might {unknown}


   Skills:
 + Level 8.7 Fighting
 + Level 5.6 Short Blades
 + Level 5.6 Long Blades
 + Level 8.7 Axes
 + Level 5.6 Maces & Flails
 + Level 5.6 Polearms
 + Level 5.6 Staves
 + Level 5.6 Slings
 + Level 5.6 Bows
 + Level 5.6 Crossbows
 + Level 5.6 Throwing
 + Level 7.3 Armour
 + Level 7.3 Dodging
 + Level 5.6 Stealth
 + Level 5.6 Shields
 + Level 5.6 Unarmed Combat
 + Level 5.6 Spellcasting
 + Level 4.6 Conjurations
 + Level 4.6 Hexes
 + Level 4.6 Summonings
 + Level 4.6 Necromancy
 + Level 4.6 Translocations
 + Level 4.6 Transmutations
 + Level 4.6 Fire Magic
 + Level 4.6 Ice Magic
 + Level 4.6 Air Magic
 + Level 4.6 Earth Magic
 + Level 4.6 Poison Magic
 + Level 6.1 Invocations
 + Level 5.6 Evocations


You had 19 spell levels left.
You didn't know any spells.
Your spell library contained the following spells:

 Spells                   Type           Power      Damage    Failure   Level
 Confusing Touch          Hex            12%        N/A       17%         3
 Gell's Gravitas          Tloc           6%         N/A       17%         3
 Petrify                  Tmut/Erth      12%        N/A       50%         4
 Metabolic Englaciation   Hex/Ice        6%         N/A       83%         5
 Yara's Violent Unravell  Hex/Tmut       6%         3d5       83%         5


Dungeon Overview and Level Annotations

Branches:
Dungeon (6/15)             Temple (0/1) D:5

Altars:

Annotations:
D:6 exclusion: oklob plant


Innate Abilities, Weirdness & Mutations

You have very sharp teeth.
Your uncanny sense of smell can sniff out nearby items.
Your experience applies equally to all skills.


Message History

You start resting.
HP restored.
Really walk into a travel-excluded area?
There is an open door here.
The oklob plant spits acid at you. The splash of acid hits you!
You are splashed with acid!
You hit the oklob plant.
The oklob plant is lightly damaged.
You hit the oklob plant but do no damage.
The oklob plant is lightly damaged.
The oklob plant spits acid at you. The splash of acid hits you.
The acid corrodes you!
You are splashed with acid.
You hit the oklob plant but do no damage.
The oklob plant is lightly damaged.
The oklob plant spits acid at you. The splash of acid hits you!
The acid corrodes you!
You are splashed with acid!
You are too injured to fight recklessly!
A red film seems to cover your vision as you go berserk!
You feel yourself moving faster!
You feel mighty! The oklob plant spits acid at you.
The splash of acid hits you!
* * * LOW HITPOINT WARNING * * *
The acid corrodes you!
You are splashed with acid!
* * * LOW HITPOINT WARNING * * *
You are too berserk!
You hit the oklob plant.
You bite the oklob plant, but do no damage.
The oklob plant is lightly damaged.
The oklob plant spits acid at you. The splash of acid misses you.
You hit the oklob plant but do no damage.
You bite the oklob plant, but do no damage.
The oklob plant is lightly damaged.
You hit the oklob plant but do no damage.
The oklob plant is lightly damaged.
The oklob plant spits acid at you. The splash of acid hits you!
* * * LOW HITPOINT WARNING * * *
You are splashed with acid!
You die...

#.# #.#
#.# #.#
#.#
##'##
#...#
##...##
#..@..#
#..P..#
#.....#
##...##
#...#
#####


You could see an oklob plant.

Vanquished Creatures
  Duvessa (D:4)
  2 sky beasts
  An ice beast (D:6)
  3 black bears
  5 ogres
  A centaur (D:5)
  A phantom (D:5)
  A scorpion (D:4)
  Dowan (D:4)
  7 jellies (D:6)
  A hound (D:4)
  3 orc priests
  3 orc wizards
  2 iguanas (D:5)
  A scorpion zombie (D:5)
  A killer bee zombie (D:6)
  2 hound skeletons (D:4)
  3 gnolls (D:6)
  9 adders
  2 white imps (D:5)
  An ufetubus (D:6)
  3 adder skeletons
  A worm (D:3)
  A dart slug (D:4)
  9 orcs
  6 ball pythons
  19 endoplasms
  4 giant cockroaches
  4 goblins
  5 hobgoblins
  10 jackals
  6 kobolds
  A quokka (D:3)
  6 bats
  2 frilled lizards (D:1)
  2 rats (D:3)
130 creatures vanquished.

Vanquished Creatures (others)
  6 fungi (D:6)
6 creatures vanquished.

Grand Total: 136 creatures vanquished

Notes
Turn   | Place    | Note
-------+----------+-------------------------------------------
     0 | D:1      | senseless the Gnoll Berserker began the quest for the Orb.
     0 | D:1      | Reached XP level 1. HP: 23/23 MP: 1/1
    25 | D:1      | Reached XP level 2. HP: 29/29 MP: 2/2
   676 | D:2      | Reached XP level 3. HP: 35/35 MP: 3/3
   840 | D:2      | Reached skill level 1 in Invocations
   860 | D:2      | Reached skill level 1 in Short Blades
   860 | D:2      | Reached skill level 1 in Long Blades
   860 | D:2      | Reached skill level 1 in Maces & Flails
   860 | D:2      | Reached skill level 1 in Polearms
   860 | D:2      | Reached skill level 1 in Staves
   860 | D:2      | Reached skill level 1 in Slings
   860 | D:2      | Reached skill level 1 in Bows
   860 | D:2      | Reached skill level 1 in Crossbows
   860 | D:2      | Reached skill level 1 in Throwing
   860 | D:2      | Reached skill level 1 in Stealth
   860 | D:2      | Reached skill level 1 in Shields
   860 | D:2      | Reached skill level 1 in Unarmed Combat
   860 | D:2      | Reached skill level 1 in Spellcasting
   860 | D:2      | Reached skill level 1 in Evocations
   864 | D:2      | Reached XP level 4. HP: 3/41 MP: 5/5
   864 | D:2      | HP: 2/41 [poisoned by an adder]
  1880 | D:3      | Reached skill level 1 in Conjurations
  1880 | D:3      | Reached skill level 1 in Hexes
  1880 | D:3      | Reached skill level 1 in Summonings
  1880 | D:3      | Reached skill level 1 in Necromancy
  1880 | D:3      | Reached skill level 1 in Translocations
  1880 | D:3      | Reached skill level 1 in Transmutations
  1880 | D:3      | Reached skill level 1 in Fire Magic
  1880 | D:3      | Reached skill level 1 in Ice Magic
  1880 | D:3      | Reached skill level 1 in Air Magic
  1880 | D:3      | Reached skill level 1 in Earth Magic
  1880 | D:3      | Reached skill level 1 in Poison Magic
  1882 | D:3      | Reached ** piety under Trog
  1960 | D:3      | Reached XP level 5. HP: 40/47 MP: 5/7
  2167 | D:3      | Noticed a black bear
  2181 | D:3      | Killed a black bear
  2182 | D:3      | Reached XP level 6. HP: 42/53 MP: 8/8
  2184 | D:3      | Reached skill level 5 in Armour
  2184 | D:3      | Reached skill level 5 in Dodging
  2677 | D:4      | Noticed Duvessa
  2687 | D:4      | Killed Duvessa
  2688 | D:4      | Noticed Dowan
  2705 | D:4      | Killed Dowan
  2706 | D:4      | Reached XP level 7. HP: 38/59 MP: 10/10
  3452 | D:4      | Reached skill level 5 in Short Blades
  3452 | D:4      | Reached skill level 5 in Long Blades
  3452 | D:4      | Reached skill level 5 in Maces & Flails
  3452 | D:4      | Reached skill level 5 in Polearms
  3452 | D:4      | Reached skill level 5 in Staves
  3452 | D:4      | Reached skill level 5 in Slings
  3452 | D:4      | Reached skill level 5 in Bows
  3452 | D:4      | Reached skill level 5 in Crossbows
  3452 | D:4      | Reached skill level 5 in Throwing
  3452 | D:4      | Reached skill level 5 in Stealth
  3452 | D:4      | Reached skill level 5 in Shields
  3452 | D:4      | Reached skill level 5 in Unarmed Combat
  3452 | D:4      | Reached skill level 5 in Spellcasting
  3452 | D:4      | Reached skill level 5 in Invocations
  3452 | D:4      | Reached skill level 5 in Evocations
  3452 | D:4      | Reached XP level 8. HP: 69/69 MP: 10/15
  3489 | D:5      | Entered Level 5 of the Dungeon
  3688 | D:5      | Reached *** piety under Trog
  4096 | D:5      | Reached XP level 9. HP: 71/75 MP: 16/16
  4165 | D:5      | Found a staircase to the Ecumenical Temple.
  5125 | D:6      | Noticed an oklob plant
  5291 | D:6      | HP: 2/112 [oklob plant/splash of acid (14)]
  5291 | D:6      | Splashed by an oklob plant's acid

Illustrated notes

Levels and vault maps discovered:
D:1:      nicolae_arrival_memento_mori, layout_rooms,
          hangedman_decor_diamond_cutter
D:2:      layout_basic, minmay_misc_feat_iff
D:3:      layout_basic, minmay_misc_feat_secret_circle
D:4:      layout_loops_ring, grunt_tough_drop, uniq_duvessa
D:5:      layout_gridville, minmay_temple_entry_grid,
          chequers_serial_rivers_micro_b, corexii_leaking_fountain
D:6:      lemuel_slime, layout_basic, hangedman_decor_opposing, minivault_5,
          amcnicky_mini_rare_corridor_liquid

Skill      XL: |  1  2  3  4  5  6  7  8  9 |
---------------+----------------------------+-----
Invocations    | 1 2 5 6 |  6.1
Short Blades   | 1 2 5 |  5.6
Long Blades    | 1 2 5 |  5.6
Maces & Flails | 1 2 5 |  5.6
Polearms       | 1 2 5 |  5.6
Staves         | 1 2 5 |  5.6
Slings         | 1 2 5 |  5.6
Bows           | 1 2 5 |  5.6
Crossbows      | 1 2 5 |  5.6
Throwing       | 1 2 5 |  5.6
Stealth        | 1 2 5 |  5.6
Shields        | 1 2 5 |  5.6
Unarmed Combat | 1 2 5 |  5.6
Spellcasting   | 1 2 5 |  5.6
Evocations     | 1 2 5 |  5.6
Conjurations   | 1 4 |  4.6
Hexes          | 1 4 |  4.6
Summonings     | 1 4 |  4.6
Necromancy     | 1 4 |  4.6
Translocations | 1 4 |  4.6
Transmutations | 1 4 |  4.6
Fire Magic     | 1 4 |  4.6
Ice Magic      | 1 4 |  4.6
Air Magic      | 1 4 |  4.6
Earth Magic    | 1 4 |  4.6
Poison Magic   | 1 4 |  4.6
Armour         | 5 7 |  7.3
Dodging        | 5 7 |  7.3
Fighting       | 8 |  8.7
Axes           | 8 |  8.7

Action                   |  1- 3 |  4- 6 |  7- 9 || total
-------------------------+-------+-------+-------++-------
Melee: Hand axe          |    83 |   100 |       ||   183
       Bite              |     4 |     6 |    23 ||    33
       Mace              |       |    11 |   228 ||   239
       Punch             |       |       |     5 ||     5
Invok: Berserk           |     1 |     3 |     6 ||    10
Evoke: Wand              |       |     5 |       ||     5
  Use: Scroll            |     4 |     4 |     6 ||    14
       Potion            |       |     1 |     1 ||     2
 Stab: Sleeping          |       |       |     2 ||     2
Armor: Ring mail         |    31 |    47 |    73 ||   151
       Animal skin       |     3 |       |       ||     3
Dodge: Dodged            |    55 |    78 |   122 ||   255

Table legend: (Time is in decaauts)
 A = Elapsed time spent in this place.
 B = Non-inter-level travel time spent in this place.
 C = Inter-level travel time spent in this place.
 D = Time resting spent in this place.
 E = Time spent auto-exploring this place.
 F = Levels seen in this place.
 G = Mean time per level.
                   A        B        C        D        E       F      G
               +--------+--------+--------+--------+--------+-----+--------+
         Total |   5404 |   5235 |    169 |   1262 |   3015 |   6 |  900.7 |
       Dungeon |   5404 |   5235 |    169 |   1262 |   3015 |   6 |  900.7 |
               +--------+--------+--------+--------+--------+-----+--------+

Top non-repeatable levels by time:
     D:2: 1323 daAuts
     D:6: 992 daAuts
     D:4: 876 daAuts
     D:5: 874 daAuts
     D:3: 787 daAuts
     D:1: 549 daAuts
